 Dungeon Crawl Stone Soup version 0.21-a0-2-ge494091 (webtiles) character file.

5455 sveltemanboy the Carver (level 10, 0/70 HPs)
             Began as a Demonspawn Monk on May 22, 2017.
             Was a High Priest of Okawaru.
             Succumbed to an orc wizard's poison
             ... on level 10 of the Dungeon.
             The game lasted 00:27:21 (11066 turns).

sveltemanboy the Carver (Demonspawn Monk)          Turns: 11066, Time: 00:27:21

Health: 0/70       AC: 15    Str: 18    XL:     10   Next: 41%
Magic:  11/11      EV: 13    Int: 13    God:    Okawaru [*****.]
Gold:   452        SH:  0    Dex: 18    Spells: 9/9 levels left

rFire    + . .     SeeInvis .   J - +1 short sword (elec)
rCold    . . .     Gourm    .   (no shield)
rNeg     . . .     Faith    .   E - +0 ring mail
rPois    .         Spirit   .   (helmet restricted)
rElec    .         Reflect  .   t - scarf {repulsion}
rCorr    .         Harm     .   (no gloves)
MR       +....                  y - +0 pair of boots (curse)
Stlth    +.........             (no amulet)
Regen    0.3/turn               d - +5 ring of protection
MPRegen  0.2/turn               B - +3 ring of dexterity

@: lethally poisoned (0 -> -16), repel missiles
A: horns 1, yellow scales 2, demonic guardian 1, fire resistance 1, magic
resistance 1, strong 2, rot immunity
a: Heroism, Finesse, Renounce Religion


You were on level 10 of the Dungeon.
You worshipped Okawaru.
Okawaru was extremely pleased with you.
You were not hungry.

You visited 1 branch of the dungeon, and saw 10 of its levels.
You also visited: Sewer.

You collected 452 gold pieces.

Inventory:

Hand Weapons
 J - a +1 short sword of electrocution (weapon)
 M - a +0 scimitar
Missiles
 l - 4 javelins of returning
 r - 2 javelins (quivered)
Armour
 t - a scarf of repulsion (worn)
 y - a cursed +0 pair of boots (worn)
 E - a +0 ring mail (worn)
Jewellery
 d - a +5 ring of protection (left hand)
 B - a +3 ring of dexterity (right hand)
 D - an uncursed ring of ice
Wands
 i - a wand of digging (8/24)
 o - a wand of digging (13/24)
 x - a wand of iceblast (7/15)
 C - a wand of lightning (0/15)
 F - a wand of disintegration (14/24)
 K - a wand of enslavement (11/24)
 L - a wand of iceblast (3/15)
Scrolls
 e - 4 scrolls of remove curse
 f - a scroll of summoning {unknown}
 g - 2 scrolls of blinking {unknown}
 j - a scroll of vulnerability {unknown}
 q - 2 scrolls of recharging {unknown}
 u - 2 scrolls of fear {unknown}
 v - 2 scrolls of teleportation {unknown}
 w - 2 scrolls of enchant armour
 z - 2 scrolls of enchant weapon {unknown}
 A - a scroll of amnesia
 G - a scroll of immolation {unknown}
 H - 4 scrolls of identify
 I - a scroll of fog {unknown}
Potions
 h - 4 potions of flight
 k - a potion of magic
 m - 2 potions of brilliance
Comestibles
 a - a chunk of flesh
 b - 3 meat rations
 c - 7 bread rations
 n - 3 royal jellies
 p - 4 fruits


   Skills:
 - Level 3.0 Fighting
 * Level 12.7 Long Blades
 - Level 5.1 Armour
 + Level 4.1 Dodging
 - Level 1.7 Stealth
 - Level 1.3 Invocations


You had 9 spell levels left.
You didn't know any spells.

Dungeon Overview and Level Annotations

Branches:
Dungeon (10/15)            Temple (0/1) D:4            Lair (0/6) D:8
    Orc: D:9-12

Altars:
Cheibriados
Dithmenos
Fedhas
Gozag
Makhleb
Okawaru
Qazlal
Ru
Trog
Uskayaw
Xom
Yredelemnul
Zin

Shops:
D:6 !


Innate Abilities, Weirdness & Mutations

You have a pair of small horns on your head.
You are mostly covered in yellow scales. (AC +3)
A weak demonic guardian rushes to your aid.
You are immune to rotting.
Your flesh is heat resistant. (rF+)
You are resistant to hostile enchantments. (MR+)
Your muscles are very strong. (Str +4)


Message History

Things that are here:
a hand axe; a chain mail; an orc corpse
* * * LOW HITPOINT WARNING * * *
You feel sick.
Things that are here:
a whip; 3 tomahawks
* * * LOW HITPOINT WARNING * * *
You feel very sick.
* * * LOW HITPOINT WARNING * * *
You feel sick.
* * * LOW HITPOINT WARNING * * *
You feel sick.
* * * LOW HITPOINT WARNING * * *
You feel sick.
There is a stone staircase leading up here.
* * * LOW HITPOINT WARNING * * *
You feel sick.
* * * LOW HITPOINT WARNING * * *
You feel sick.
You die...

#.# #.# #)# #)#
#)# ####.######
#.........#
#........>#
####.....@...###
#................
.##.....(...####
+ #......(..#
#.........#
#.......$.#
####.###### ..#
.##


There were no monsters in sight!

Vanquished Creatures
  A two-headed ogre (D:9)
  Maurice (D:9)
  Psyche (D:8)
  A komodo dragon (D:10)
  A hungry ghost (D:7)
  2 ice beasts
  A sky beast (D:7)
  5 orc warriors
  A phantom (D:8)
  3 ogres
  3 centaurs
  3 wolves
  A crocodile (D:8)
  A big kobold (D:9)
  2 bullfrogs
  A gnoll sergeant (D:9)
  A water moccasin skeleton (D:5)
  4 killer bees (D:7)
  5 scorpions
  An electric eel (D:8)
  3 crimson imps
  6 howler monkeys
  A jelly (D:6)
  3 hounds
  7 orc priests
  A quasit (D:6)
  A bullfrog skeleton (D:7)
  5 orc wizards
  2 iguanas
  6 worker ants
  A hound skeleton (D:5)
  5 gnolls (D:9)
  10 adders
  3 shadow imps
  3 oozes
  5 worms
  2 dart slugs
  9 leopard geckos
  41 orcs
  4 ball pythons
  6 giant cockroaches
  8 goblins
  5 hobgoblins
  12 jackals
  9 kobolds
  3 quokkas
  19 bats
  7 frilled lizards
  A jackal skeleton (D:7)
  A quokka zombie (D:8)
  6 rats
  A spectral orc (D:9)
235 creatures vanquished.

Vanquished Creatures (collateral kills)
  An ice beast (D:5)
  A sky beast (D:7)
  A necrophage (D:6)
  2 ogres
  2 bullfrogs (D:7)
  A wyvern skeleton (D:6)
  A killer bee (D:7)
  2 hounds (D:8)
  2 orc priests
  5 orcs
18 creatures vanquished.

Grand Total: 253 creatures vanquished

Notes
Turn   | Place    | Note
-------+----------+-------------------------------------------
     0 | D:1      | sveltemanboy the Demonspawn Monk began the quest for the Orb.
     0 | D:1      | Reached XP level 1. HP: 18/18 MP: 1/1
   218 | D:1      | Gained mutation: You are immune to rotting. [demonic ancestry]
   218 | D:1      | Reached XP level 2. HP: 20/24 MP: 2/2
   273 | D:1      | Reached skill level 3 in Long Blades
  1018 | D:2      | Reached skill level 1 in Armour
  1018 | D:2      | Reached XP level 3. HP: 18/29 MP: 3/3
  1804 | D:2      | Found a glowing silver altar of Zin.
  1807 | D:2      | Noticed an angel
  1809 | D:2      | Found a shimmering altar of Xom.
  1857 | D:2      | Gained mutation: You are partially covered in yellow scales. (AC +2) [demonic ancestry]
  1857 | D:2      | Reached XP level 4. HP: 35/35 MP: 4/4
  2276 | D:2      | Reached skill level 4 in Long Blades
  2946 | D:3      | Found a bloodstained altar of Trog.
  3038 | D:4      | Found a glowing drain.
  3085 | Sewer    | Entered a sewer
  3088 | Sewer    | Reached XP level 5. HP: 35/41 MP: 5/5
  3639 | D:4      | Found an iron altar of Okawaru.
  3658 | D:4      | Became a worshipper of Warmaster Okawaru
  3658 | D:4      | Reached * piety under Okawaru
  3658 | D:4      | Reached ** piety under Okawaru
  3864 | D:4      | Found a snail-covered altar of Cheibriados.
  4016 | D:4      | Found a staircase to the Ecumenical Temple.
  4096 | D:5      | Entered Level 5 of the Dungeon
  4119 | D:5      | Reached skill level 5 in Long Blades
  4119 | D:5      | Reached skill level 1 in Invocations
  4171 | D:5      | Gained mutation: A weak demonic guardian rushes to your aid. [demonic ancestry]
  4171 | D:5      | Reached XP level 6. HP: 32/47 MP: 7/7
  4515 | D:5      | Reached skill level 6 in Long Blades
  4563 | D:5      | Reached XP level 7. HP: 52/52 MP: 8/8
  5026 | D:6      | Found Saaxidof's Distillery.
  5121 | D:6      | Reached skill level 7 in Long Blades
  5273 | D:6      | Reached *** piety under Okawaru
  5469 | D:6      | Noticed a dagger
  5469 | D:6      | Found a hide-covered altar of Uskayaw.
  5470 | D:6      | Noticed an enchanted dagger
  5471 | D:6      | Found a sacrificial altar of Ru.
  5582 | D:6      | Reached skill level 8 in Long Blades
  5582 | D:6      | Gained mutation: You have a pair of small horns on your head. [demonic ancestry]
  5582 | D:6      | Reached XP level 8. HP: 22/58 MP: 9/9
  6048 | D:7      | Gained mutation: You are weak. (Str -2) [mutagenic meat]
  6049 | D:7      | Lost mutation: You are weak. (Str -2) [mutagenic meat]
  6050 | D:7      | Gained mutation: You are dopey. (Int -2) [mutagenic meat]
  6052 | D:7      | Lost mutation: You are dopey. (Int -2) [mutagenic meat]
  6053 | D:7      | Gained mutation: Armour fits poorly on your strangely shaped body. [mutagenic meat]
  6054 | D:7      | Lost mutation: Armour fits poorly on your strangely shaped body. [potion of mutation]
  6054 | D:7      | Gained mutation: Your muscles are strong. (Str +2) [potion of mutation]
  6054 | D:7      | Gained mutation: You are resistant to hostile enchantments. (MR+) [potion of mutation]
  6054 | D:7      | Gained mutation: Your flesh is heat resistant. (rF+) [potion of mutation]
  6054 | D:7      | Gained mutation: Your muscles are very strong. (Str +4) [potion of mutation]
  6174 | D:7      | Reached skill level 9 in Long Blades
  6336 | D:7      | Reached **** piety under Okawaru
  6433 | D:7      | Received a gift from Okawaru
  6467 | D:7      | Found a burning altar of Makhleb.
  6467 | D:7      | Found a shadowy altar of Dithmenos.
  6469 | D:7      | Found a stormy altar of Qazlal.
  6827 | D:7      | Reached skill level 10 in Long Blades
  7165 | D:7      | Gained mutation: You are mostly covered in yellow scales. (AC +3) [demonic ancestry]
  7165 | D:7      | Reached XP level 9. HP: 45/63 MP: 10/10
  7926 | D:8      | Found a blossoming altar of Fedhas.
  7939 | D:8      | Noticed Psyche
  7976 | D:7      | Reached skill level 11 in Long Blades
  8492 | D:8      | Killed Psyche
  8557 | D:8      | Found a staircase to the Lair.
  8637 | D:8      | Found an opulent altar of Gozag.
  8823 | D:8      | Noticed a troll
  9167 | D:6      | Reached ***** piety under Okawaru
  9554 | D:9      | Noticed a two-headed ogre
  9564 | D:9      | Killed a two-headed ogre
  9564 | D:9      | Reached skill level 12 in Long Blades
  9564 | D:9      | Reached skill level 5 in Armour
  9564 | D:9      | Reached XP level 10. HP: 50/70 MP: 11/11
  9802 | D:9      | Noticed Maurice
  9852 | D:9      | Killed Maurice
 10471 | D:9      | Found a basalt altar of Yredelemnul.
 11016 | D:10     | Entered Level 10 of the Dungeon
 11064 | D:10     | HP: 2/70 [poisoned by an orc wizard]
 11066 | D:10     | Succumbed to an orc wizard's poison

Vault maps used:
D:1:      lemuel_arrival_broad_hall
D:2:      grunt_temple_overflow_order_and_chaos_1
D:3:      lemuel_coloured_pillars_altar, kennysheep_generic_room_8
D:4:      kennysheep_mini, minmay_temple_entry_junction, serial_glass,
          glass_columns_a, glass_columns_a, gup_sewer_entry_glass,
          okawaru_gym_becter
D:5:      first_bread, grunt_decor_one_mirror
D:6:      dancing_weapons_uskayaw, kennysheep_mini_moat, serial_shops,
          nicolae_shop_crystal, minmay_misc_feat_pillars, hangedman_decor_lopped
D:7:      nicolae_overflow_hidden_temple, nicolae_underground_beach
D:8:      marbit_many_paths, lemuel_crystal_altar, erik_lair_island,
          serial_glass, glass_columns_b, glass_columns_b, uniq_psyche
D:9:      yredelemnul_forgotten_temple_becter, uniq_maurice
D:10:     orc_0_dummy
Sewer:    sewer_fruit_machine

Skill      XL: |  1  2  3  4  5  6  7  8  9 10 |
---------------+-------------------------------+-----
Dodging        | 3 4 |  4.1
Long Blades    | 3 4 5 6 8 10 12 | 12.7
Armour         | 1 2 3 5 |  5.1
Invocations    | 1 |  1.3
Fighting       | |  3.0
Stealth        | |  1.7

Action                   |  1- 3 |  4- 6 |  7- 9 | 10-12 || total
-------------------------+-------+-------+-------+-------++-------
Melee: Falchion          |   123 |   293 |   571 |   103 ||  1090
       Headbutt          |       |       |   131 |    35 ||   166
       Short sword       |       |       |       |    57 ||    57
Throw: Javelin           |       |     4 |     8 |     1 ||    13
Evoke: Wand              |       |       |       |     4 ||     4
  Use: Scroll            |     4 |       |     8 |       ||    12
       Potion            |     2 |       |    11 |     2 ||    15
 Stab: Sleeping          |     5 |     5 |       |     1 ||    11
       Distracted        |       |       |     5 |     1 ||     6
       Invisible         |       |       |     2 |       ||     2
  Eat: Chunk             |     3 |    10 |    21 |     5 ||    39
       Royal jelly       |       |       |     1 |       ||     1
Armor: Robe              |    28 |     1 |       |       ||    29
       Leather armour    |       |   149 |     7 |       ||   156
       Ring mail         |       |       |   197 |    44 ||   241
       Skin              |       |       |    59 |       ||    59
Dodge: Dodged            |    88 |   278 |   265 |    66 ||   697
       Deflected         |       |       |     1 |     2 ||     3
       Rpst.: Falchion   |    22 |    83 |    82 |    12 ||   199
